 Dungeon Crawl Stone Soup version 0.28-b1-70-g80dc712255 (webtiles) character file.

Game seed: 14344851936488983835

91239 szrap the Worldbinder (level 15, -23/87 HPs)
             Began as a Felid Summoner on Feb 2, 2022.
             Was an Initiate of Gozag.
             Killed from afar by a hell knight (42 damage)
             ... with a bolt of fire
             ... on level 1 of the Depths on Feb 3, 2022.
             The game lasted 03:22:35 (63862 turns).

szrap the Worldbinder (Felid Summoner)             Turns: 63862, Time: 03:22:35

Health: -23/87     AC:  3    Str:  4    XL:     15   Next: 54%
Magic:  27/37      EV: 25    Int: 24    God:    Gozag
Gold:   559        SH:  0    Dex: 17    Spells: 1/30 levels left
                                        Lives:  0   Deaths: 5

rFire   . . .      SeeInvis +     - Unarmed
rCold   + . .      Faith    .   (shield unavailable)
rNeg    . . .      Spirit   .   (armour unavailable)
rPois   .          Reflect  .   (helmet unavailable)
rElec   .          Harm     .   (cloak unavailable)
rCorr   .          Rampage  .   (gloves unavailable)
Will    +++..                   (boots unavailable)
Stlth   ++........              r - amulet of Vitality {Regen+ HP+15}
HPRegen 1.04/turn               q - ring of magical power
MPRegen 0.25/turn               h - ring of willpower

@: studying 2 skills, quick
A: very small, claws 1, fangs 3, see invisible, speed 1, shaggy fur 3, stealthy
paws, no weapons or thrown items, no armour, multi-lived
a: Renounce Religion, Potion Petition, Call Merchant, Bribe Branch


You were on level 1 of the Depths.
You worshipped Gozag.
Gozag was pleased with you.
You visited 8 branches of the dungeon, and saw 33 of its levels.

You collected 11151 gold pieces.
You spent 4234 gold pieces at shops.
You paid 6358 gold pieces to Gozag.

Inventory:

Jewellery
 e - a ring of resist corrosion
 h - a ring of willpower (right paw)
 q - a ring of magical power (left paw)
 r - the amulet of Vitality (around neck) {Regen+ HP+15}
   (You found it on level 8 of the Dungeon)

   [amulet of regeneration]

   HP:        It affects your health (+15).
   Regen:     It increases your rate of health regeneration.
 x - an amulet of reflection
 H - a ring of protection from fire
 L - a ring of positive energy
Wands
 m - a wand of iceblast (15)
 t - a wand of digging (17)
 A - a wand of flame (8)
Scrolls
 c - 2 scrolls of magic mapping
 j - 6 scrolls of fear
 o - a scroll of silence
 p - 5 scrolls of summoning
 y - 3 scrolls of holy word
 C - 5 scrolls of fog
 D - 5 scrolls of identify
 F - 4 scrolls of amnesia
 J - 3 scrolls of immolation
Potions
 a - 5 potions of flight
 b - 7 potions of berserk rage
 d - 4 potions of attraction
 f - 3 potions of invisibility
 g - a potion of heal wounds
 i - 3 potions of magic
 k - 4 potions of mutation
 l - 2 potions of cancellation
 n - a potion of brilliance
 s - a potion of haste
 u - 4 potions of might
 v - 2 potions of ambrosia
 w - 5 potions of lignification
 B - 9 potions of curing


   Skills:
 - Level 12.0 Fighting
 - Level 12.0 Dodging
 - Level 2.6 Stealth
 - Level 3.0 Unarmed Combat
 - Level 8.0 Spellcasting
 - Level 8.0 Hexes
 - Level 21.2 Summonings
 - Level 5.0 Necromancy
 * Level 8.2 Translocations
 * Level 9.0 Transmutations
 + Level 15.4 Air Magic


You had one spell level left.
You knew the following spells:

 Your Spells              Type           Power      Damage    Failure   Level
a - Anguish               Hex/Necr       20%        N/A       4%          4
b - Monstrous Menagerie   Summ           42%        N/A       1%          7
c - Manifold Assault      Tloc           49%        N/A       6%          5
d - Summon Guardian Gole  Hex/Summ       68%        N/A       1%          3
e - Summon Lightning Spi  Summ/Air       78%        N/A       1%          4
f - Swiftness             Air            71%        N/A       1%          3
g - Tukima's Dance        Hex            48%        N/A       1%          3

Your spell library contained the following spells:

 Spells                   Type           Power      Damage    Failure   Level
 Summon Small Mammal      Summ           100%       N/A       0%          1
 Beastly Appendage        Tmut           100%       N/A       1%          1
 Pain                     Necr           100%       1d9       1%          1
 Magic Dart               Conj           36%        1d4       6%          1
 Sandblast                Erth           18%        2d7       6%          1
 Call Imp                 Summ           84%        N/A       0%          2
 Call Canine Familiar     Summ           84%        N/A       0%          3
 Corpse Rot               Necr/Air       100%       N/A       1%          2
 Ensorcelled Hibernation  Hex/Ice        56%        N/A       1%          2
 Passwall                 Tmut/Erth      25%        N/A       1%          2
 Sublimation of Blood     Necr           33%        N/A       1%          2
 Wereblood                Tmut           52%        N/A       1%          2
 Gell's Gravitas          Tloc           49%        N/A       1%          3
 Lesser Beckoning         Tloc           49%        N/A       1%          3
 Teleport Other           Tloc           49%        N/A       1%          3
 Cause Fear               Hex            24%        N/A       2%          4
 Dazzling Flash           Conj/Hex       56%        N/A       3%          3
 Spider Form              Tmut/Pois      31%        N/A       3%          3
 Blade Hands              Tmut           26%        N/A       4%          5
 Animate Dead             Necr           16%        N/A       9%          4
 Dispel Undead            Necr           33%        3d14      9%          4
 Searing Ray              Conj           18%        2d5       10%         2
 Petrify                  Tmut/Erth      31%        N/A       10%         4
 Fulminant Prism          Conj/Hex       14%        3d9       12%         4
 Iskenderun's Mystic Bla  Conj/Tloc      29%        2d7       12%         4
 Stone Arrow              Conj/Erth      18%        3d8       19%         3
 Irradiate                Conj/Tmut      15%        3d18      28%         5
 Storm Form               Tmut/Air       31%        N/A       34%         7
 Borgnjor's Vile Clutch   Necr/Erth      10%        N/A       54%         5
 Maxwell's Capacitive Co  Air            35%        ∞         58%         8
 Dragon's Call            Summ           42%        N/A       73%         9
 Death Channel            Necr           16%        N/A       77%         6
 Dragon Form              Tmut           26%        N/A       78%         7
 Enfeeble                 Hex            24%        N/A       90%         7
 Starburst                Conj/Fire      4%         6d4       100%        6
 Portal Projectile        Hex/Tloc       Unusable   N/A       N/A         3
 Animate Armour           Summ/Erth      Unusable   N/A       N/A         4

Dungeon Overview and Level Annotations

Branches:
Dungeon (15/15)            Temple (1/1) D:7            Lair (6/6) D:9
  Swamp (4/4) Lair:4        Snake (2/4) Lair:2        Slime (0/5) Lair:5
    Orc (2/2) D:12            Elf (2/3) Orc:2        Vaults (0/5) D:14
 Depths (1/4) D:15

Altars:
Ashenzari
Cheibriados
Dithmenos
Elyvilon
Fedhas
Gozag
Hepliaklqana
Kikubaaqudgha
Makhleb
Nemelex Xobeh
Okawaru
Qazlal
Ru
Sif Muna
Trog
Uskayaw
Vehumet
Wu Jian
Xom
Yredelemnul
Zin
The Shining One
Beogh
Jiyva

Shops:
D:2 ((*(!   D:6 (   D:10 :   D:13 :   Orc:1 *   Orc:2 ([(*   Elf:1 :   Elf:2 *
Lair:5 ::   Swamp:1 *   Snake:1 [*   Depths:1 =?

Annotations:
D:7 2 transporters, exclusion: ice statue, Mordru1's ghost, novice DrTm
D:12 2 transporters, Duder's ghost, journeyman MiBe
D:14 3 runed translucent doors, Hubris850's ghost, journeyman MfTm
Lair:5 2 transporters, 3 runed translucent doors, markar's ghost, journeyman DgEE
Lair:6 exclusion: obsidian statue
Swamp:1 exclusion: downstairs
Swamp:2 2 transporters, exclusion: 2 downstairs, Keoguots's ghost, adept GnSk
Swamp:3 exclusion: downstairs, Bai Suzhen
Snake:1 Mlioglotl
Snake:2 Vashnia
Elf:1 6 runed translucent doors, exclusion: 2 downstairs


Innate Abilities, Weirdness & Mutations

You have sharp claws.
You have razor-sharp teeth.
You have supernaturally acute eyesight. (SInv)
You cover ground quickly. (Speed+)
Your thick and shaggy fur keeps you warm. (AC +3, rC+)
Your paws help you pounce on unaware monsters.
You are incapable of wielding weapons or throwing items.
You cannot wear armour.
You gain extra lives every three experience levels.


Message History

The red very ugly thing gurgles horribly!
You hear a shout!
The red ugly thing basks in the mutagenic energy from its kin and changes!
The red very ugly thing moves out of view.
The fire giant moves out of view.
A tengu warrior comes into view.
It is wielding a +1 battleaxe of flaming.
The tengu warrior shouts!
The red ugly thing basks in the mutagenic energy from its kin and changes!
The hell knight gestures at you while chanting.
The bolt of fire misses you.
The hell knight shouts!
You hear a shout!
Aiming: Dig
Press: ? - help, Shift-Dir - straight line A rock wall.
The rock shatters into small pieces.
An ice dragon comes into view.
The ice dragon roars deafeningly!
You hear a shout!
Found a whip.
A hell knight comes into view. It is wielding a +1 long sword.
Found a masterwork leather armour.
The hell knight shouts! x2
The ice dragon breathes frost at you. The blast of cold hits you! You resist.
The hell knight points at you and mumbles some strange words.
The bolt of fire hits you!! The hell knight casts a spell at you.
The bolt of fire misses you. Something bites your lindwurm!
Your lindwurm is covered in liquid flames.
Your lindwurm is covered in liquid flames!
The hell knight hits you from afar with a +0 halberd of flaming!!
* * * LOW HITPOINT WARNING * * *
The hell knight burns you!
* * * LOW HITPOINT WARNING * * *
You see here a +0 whip.
Something bites your lindwurm!
The hell knight is no longer moving quickly.
The hell knight gestures at you while chanting.
The bolt of fire hits you!!!
You die...
Your body crumbles into a pile of gold.

#.......... #####
#.......... ....
#...####<......... ....
#.#...$'..........
.....
'...####.......... ..p
#... #..........
#.###p####.#.#
#..........
..[.....#D.#.#
#.......... #..pp).@..#
#.>........ #.##p##'###
####+###### ##.#p##.u..
##..k###......
##(.#..###....... ##
##.......###...... ..
##...C∩...u###.....
>..##..........Q##.....
...#...........u(#...


You could see a red very ugly thing, an ice dragon (catching breath) and 4 hell
knights.

Vanquished Creatures
  2 orc wizards
  An ufetubus (D:6)
  4 orcs
  A giant cockroach (D:1)
  A bat (D:2)
  A rat (Lair:1)
10 creatures vanquished.

Vanquished Creatures (collateral kills)
  A lich (Depths:1)
  Gastronok (D:10)
  2 thorn hunters (Swamp:3)
  Donald (Swamp:1)
  A deep elf sorcerer (Elf:2)
  2 eleionomae
  2 deep elf demonologists (Elf:1)
  5 dire elephants (Lair:6)
  2 bunyips (Swamp:3)
  Snorg (Lair:6)
  A deep elf death mage (Elf:2)
  A shambling mangrove (Swamp:3)
  Josephine (D:10)
  A deep elf high priest (Elf:1)
  Fannar (Lair:2)
  A catoblepas (Lair:2)
  An ogre mage (D:14)
  3 boulder beetles
  8 hydras
  2 ghost crabs
  A naga warrior (Snake:1)
  2 two-headed ogres
  An anaconda (Snake:1)
  7 death yaks
  20 dancing weapons
  7 alligators
  5 centaur warriors
  2 tengu warriors (D:14)
  Nergalle (Lair:4)
  Sonja (D:10)
  5 orc high priests (Orc:2)
  2 shock serpents (Snake:1)
  11 deep elf knights
  2 skeletal warriors
  2 spectral death yaks (Lair:6)
  3 goliath frogs
  A spectral anaconda (Lair:6)
  3 spriggan druids
  A naga ritualist (Snake:1)
  A swamp dragon (shapeshifter) (D:13)
  5 swamp dragons
  A glowing orange brain (D:15)
  2 bog bodies (Swamp:2)
  A wizard (Depths:1)
  10 deep elf archers
  7 orc knights
  A lindwurm (Lair:4)
  23 deep elf pyromancers
  10 deep elf zephyrmancers
  2 mana vipers (Snake:1)
  3 necromancers (Lair:6)
  19 ugly things
  4 orc sorcerers (Orc:2)
  3 manticores
  2 will-o-the-wisps
  2 moths of wrath (Swamp:2)
  A salamander (shapeshifter) (D:14)
  6 cyclopes
  5 elephants
  7 black mambas
  A gargoyle (D:13)
  Joseph (D:9)
  8 cane toads
  An efreet (D:15)
  7 komodo dragons
  2 yaktaurs
  A tengu conjurer (D:9)
  2 kobold demonologists (D:11)
  2 ice devils (Lair:1)
  5 trolls
  5 hornets
  3 meliai (D:14)
  2 tyrant leeches (Swamp:2)
  7 slime creatures
  A bloated husk (Swamp:2)
  3 polar bears
  22 blink frogs
  5 dream sheep (Lair:5)
  A spectral elephant (Lair:6)
  5 spriggans
  2 air elementals
  2 shadows
  9 wraiths
  40 yaks
  A wyvern (Lair:5)
  5 basilisks
  A hog (shapeshifter) (D:13)
  15 vampire mosquitoes
  4 water elementals
  3 steam dragons
  A spectral cane toad (Lair:6)
  A death yak simulacrum (Lair:6)
  6 nagas
  A warg (shapeshifter) (D:15)
  5 wargs
  12 swamp worms
  2 acid dragons
  9 water moccasins
  A nameless horror (Orc:2)
  A swamp drake (Swamp:1)
  48 orc warriors
  2 ice beasts
  A sky beast (D:6)
  11 ogres
  2 wolves (D:8)
  2 elephant zombies (Lair:6)
  5 centaurs
  A phantom (D:5)
  4 kobold brigands
  A scorpion (D:5)
  15 bullfrogs
  2 gnoll sergeants
  A cane toad simulacrum (Lair:6)
  3 earth elementals
  A wyvern skeleton (D:7)
  2 water moccasin zombies
  6 killer bees
  5 spriggan skeletons (D:14)
  4 wights (D:9)
  A troll skeleton (D:14)
  A bullfrog zombie (D:4)
  6 centaur zombies
  A hound (shapeshifter) (D:13)
  3 hounds
  A centaur skeleton (D:6)
  29 orc priests
  A gnoll shaman (D:9)
  23 orc wizards
  5 hell rats (Lair:1)
  A killer bee zombie (D:7)
  A hound zombie (D:3)
  A hound skeleton (D:5)
  Robin (D:2)
  9 gnolls
  A howler monkey zombie (D:6)
  3 adders
  3 river rats (Lair:1)
  A white imp (D:7)
  An adder zombie (D:3)
  A worm (D:2)
  3 dart slugs
  132 orcs
  7 endoplasms
  8 giant cockroaches
  17 goblins
  8 hobgoblins
  4 jackals (D:1)
  5 quokkas
  8 ball pythons
  A bat (D:2)
  3 frilled lizards
  19 kobolds
  8 rats
  4 briar patches
872 creatures vanquished.

Vanquished Creatures (others)
  An orc warlord (Orc:2)
  A dire elephant (Lair:6)
  Harold (D:11)
  2 hydras
  4 two-headed ogres
  A centaur warrior (D:13)
  6 deep elf knights
  An orb spider (shapeshifter) (D:13)
  3 deep trolls (D:8)
  2 orc knights
  2 deep elf pyromancers (Elf:1)
  2 ugly things
  2 elephants (Lair:6)
  2 cane toads
  4 unseen horrors
  Maggie (D:7)
  2 bloated husks (Swamp:3)
  A troll (Orc:1)
  9 yaks
  A wyvern (Lair:2)
  A vampire (D:13)
  A wraith (D:10)
  Grum (D:8)
  3 vampire mosquitoes (D:12)
  A swamp worm (Swamp:1)
  2 nagas (Lair:2)
  2 water moccasins
  A sky beast (D:5)
  8 orc warriors
  A necrophage (D:5)
  A black bear (D:5)
  A centaur (D:9)
  2 ogres
  2 wolves (D:8)
  A bullfrog (D:8)
  A gnoll sergeant (D:6)
  An orc priest (Orc:2)
  A bullfrog skeleton (D:4)
  2 iguanas
  4 orc wizards
  3 gnolls (D:6)
  A white imp (D:8)
  A worm (D:5)
  6 orcs
  4 briar patches
  14 foxfires
  37 fungi
  94 plants
  20 withered plants (Lair:6)
265 creatures vanquished.

Grand Total: 1147 creatures vanquished

Notes
Turn   | Place    | Note
-------+----------+-------------------------------------------
     0 | D:1      | szrap the Felid Summoner began the quest for the Orb.
     0 | D:1      | Reached XP level 1. HP: 7/7 MP: 4/4
    44 | D:1      | Found a faded altar of an unknown god.
   376 | D:1      | Reached XP level 2. HP: 11/11 MP: 1/6
   427 | D:1      | Learned a level 2 spell: Call Imp
  1507 | D:2      | Reached XP level 3. HP: 14/14 MP: 5/7
  1528 | D:2      | Learned a level 3 spell: Call Canine Familiar
  2052 | D:2      | Found Bywaim's Distillery.
  2073 | D:2      | Found Oczypyrr's Assorted Antiques.
  2118 | D:2      | Found Olad's Weapon Shoppe.
  2233 | D:2      | Found Hameul's Weapon Shop.
  2320 | D:2      | Reached skill level 5 in Summonings
  2320 | D:2      | Reached XP level 4. HP: 18/18 MP: 6/9
  2327 | D:2      | Learned a level 3 spell: Summon Guardian Golem
  2423 | D:2      | Found Guvie's Antique Weapon Emporium.
  2865 | D:2      | Noticed Robin
  2887 | D:2      | Killed Robin
  2888 | D:2      | Reached skill level 1 in Hexes
  4179 | D:3      | Reached XP level 5. HP: 21/21 MP: 6/10
  4312 | D:3      | Found a basalt altar of Yredelemnul.
  4984 | D:4      | Reached skill level 6 in Summonings
  5029 | D:4      | Noticed an ogre
  5044 | D:4      | Killed an ogre
  5045 | D:4      | Gained mutation: You are covered in thick fur. (AC +2)
                  | [Felid growth]
  5045 | D:4      | Reached XP level 6. HP: 24/24 MP: 5/11
  5219 | D:4      | Identified the +1 pair of gloves of Panentheism {Harm
                  | rElec}
  5410 | D:4      | Reached skill level 7 in Summonings
  5585 | D:4      | Found an opulent altar of Gozag.
  5780 | D:5      | Entered Level 5 of the Dungeon
  5780 | D:5      | Noticed a sky beast
  5990 | D:5      | Reached XP level 7. HP: 27/27 MP: 12/12
  6077 | D:5      | Reached skill level 8 in Summonings
  6136 | D:5      | Reached skill level 5 in Hexes
  6707 | D:5      | Reached skill level 9 in Summonings
  6965 | D:5      | Reached XP level 8. HP: 31/31 MP: 10/13
  6993 | D:5      | Learned a level 4 spell: Summon Lightning Spire
  7842 | D:6      | Reached skill level 1 in Air Magic
  7975 | D:6      | Found a radiant altar of Vehumet.
  8088 | D:6      | Found Reickusmo's Weapon Boutique.
  8203 | D:6      | Reached skill level 10 in Summonings
  8912 | D:7      | Found a transporter.
  8920 | D:7      | Noticed a boulder beetle
  9558 | D:7      | Noticed a slime creature
  9558 | D:7      | Noticed a cyclops
  9560 | D:7      | Noticed a two-headed ogre
 10210 | D:7      | Reached skill level 11 in Summonings
 10652 | D:7      | Reached XP level 9. HP: 34/34 MP: 10/14
 10684 | D:7      | Noticed an ice statue
 10729 | D:7      | Found a transporter.
 10736 | D:7      | Noticed Mordru1's ghost (novice DrTm)
 10874 | D:7      | Found a bloodstained altar of Trog.
 11064 | D:7      | Found a stormy altar of Qazlal.
 11092 | D:7      | Found a staircase to the Ecumenical Temple.
 11393 | D:8      | Noticed Maggie
 11428 | D:7      | Killed Maggie
 11510 | D:8      | Noticed Grum
 12000 | D:8      | Found a flagged portal.
 12007 | D:8      | Reached skill level 12 in Summonings
 12031 | D:8      | Killed Grum
 12794 | D:8      | Noticed a deep troll
 12829 | D:8      | Noticed a deep troll
 12834 | D:8      | Killed a deep troll
 12835 | D:8      | Reached skill level 13 in Summonings
 12835 | D:8      | Noticed a deep troll
 12837 | D:8      | Engulfed by their own flame
 12838 | D:8      | Reached XP level 8. HP: -4/31 MP: 9/13
 13062 | D:8      | Killed a deep troll
 13063 | D:8      | Reached XP level 9. HP: 34/34 MP: 9/14
 13104 | D:8      | Killed a deep troll
 13352 | D:8      | Found the amulet of Vitality {Regen+ HP+15}
 13693 | D:8      | Reached skill level 14 in Summonings
 14119 | Temple   | Entered the Ecumenical Temple
 14435 | D:4      | Became a worshipper of Gozag Ym Sagoz the Greedy
 14562 | D:9      | Reached skill level 5 in Air Magic
 14675 | D:9      | Noticed a tengu conjurer
 14723 | D:8      | Reached skill level 1 in Fighting
 14723 | D:8      | Reached XP level 10. HP: 39/39 MP: 5/15
 15109 | D:9      | Noticed Joseph
 15139 | D:9      | Killed Joseph
 15309 | D:9      | Found a staircase to the Lair.
 16026 | D:9      | Found a shimmering blue altar of Sif Muna.
 16957 | Lair:1   | Entered Level 1 of the Lair of Beasts
 17079 | Lair:1   | Reached skill level 15 in Summonings
 17169 | Lair:1   | Noticed a cane toad
 17174 | Lair:1   | Killed a cane toad
 17175 | Lair:1   | Reached skill level 5 in Dodging
 17175 | Lair:1   | Reached XP level 11. HP: 45/45 MP: 9/16
 17483 | Lair:1   | Learned a level 3 spell: Swiftness
 17812 | Lair:1   | Noticed a six-headed hydra
 17830 | Lair:1   | Killed a six-headed hydra
 18851 | Lair:2   | Noticed a boulder beetle
 18985 | Lair:2   | Demolished by a boulder beetle
 18986 | Lair:2   | Reached XP level 10. HP: -17/57 MP: 13/15
 18986 | Lair:2   | Noticed a cane toad
 18989 | Lair:2   | Noticed a black mamba
 19005 | Lair:2   | Killed a cane toad
 19145 | Lair:2   | Killed a black mamba
 19334 | Lair:2   | Noticed Fannar
 19342 | Lair:2   | Noticed a catoblepas
 19684 | Lair:2   | Killed Fannar
 19850 | Lair:2   | Killed a catoblepas
 19851 | Lair:2   | Reached XP level 11. HP: 46/46 MP: 4/16
 19972 | Lair:2   | Killed a boulder beetle
 20141 | Lair:2   | Found a staircase to the Snake Pit.
 20618 | Lair:3   | Mangled by a blink frog
 20619 | Lair:3   | Reached XP level 10. HP: -7/58 MP: 3/15
 20633 | Lair:3   | Reached skill level 16 in Summonings
 20780 | Lair:3   | Noticed a cane toad
 20786 | Lair:3   | Killed a cane toad
 20853 | Lair:3   | Reached skill level 5 in Fighting
 21862 | Lair:4   | Reached XP level 11. HP: 48/48 MP: 11/16
 22364 | Lair:4   | Noticed Nergalle
 22553 | Lair:4   | Killed Nergalle
 22681 | Lair:4   | Found a staircase to the Swamp.
 22778 | Lair:4   | Noticed a lindwurm
 22786 | Lair:4   | Killed a lindwurm
 22923 | Lair:4   | Noticed a death yak
 22935 | Lair:4   | Killed a death yak
 23256 | Lair:5   | Bought a book of Dreams for 384 gold pieces
 23552 | Lair:5   | Reached skill level 10 in Air Magic
 23823 | Lair:5   | Found a transporter.
 23824 | Lair:5   | Noticed a boulder beetle
 23825 | Lair:5   | Found a transporter.
 23825 | Lair:5   | Noticed a boulder beetle
 23834 | Lair:5   | Noticed a boulder beetle
 23847 | Lair:5   | Found a viscous altar of Jiyva.
 23847 | Lair:5   | Found a staircase to the Slime Pits.
 23950 | Lair:5   | Gained mutation: Your thick and shaggy fur keeps you warm.
                  | (AC +3, rC+) [Felid growth]
 23950 | Lair:5   | Reached XP level 12. HP: 52/52 MP: 14/17
 24007 | Lair:5   | Reached skill level 17 in Summonings
 24249 | Lair:5   | Found a runed translucent gate.
 24249 | Lair:5   | Found a runed translucent gate.
 24249 | Lair:5   | Found a runed translucent gate.
 24251 | Lair:5   | Noticed an azure jelly
 24251 | Lair:5   | Noticed an acid blob
 24252 | Lair:5   | Noticed a quicksilver ooze
 24252 | Lair:5   | Noticed an acid blob
 24252 | Lair:5   | Noticed an azure jelly
 24252 | Lair:5   | Noticed an acid blob
 24252 | Lair:5   | Noticed markar's ghost (journeyman DgEE)
 24252 | Lair:5   | Noticed an azure jelly
 24252 | Lair:5   | Noticed an acid blob
 24252 | Lair:5   | Noticed an azure jelly
 24254 | Lair:5   | Found a viscous altar of Jiyva.
 24523 | Lair:6   | Entered Level 6 of the Lair of Beasts
 24871 | Lair:6   | Noticed an alligator
 24877 | Lair:6   | Killed an alligator
 25123 | Lair:6   | Learned a level 4 spell: Anguish
 25183 | Lair:6   | Noticed a death yak
 25183 | Lair:6   | Noticed a death yak
 25183 | Lair:6   | Noticed a death yak
 25184 | Lair:6   | Noticed a death yak
 25187 | Lair:6   | Noticed Snorg
 25196 | Lair:6   | Killed a death yak
 25197 | Lair:6   | Killed a death yak
 25197 | Lair:6   | Noticed a death yak
 25207 | Lair:6   | Killed a death yak
 25208 | Lair:6   | Reached skill level 1 in Necromancy
 25212 | Lair:6   | Killed a death yak
 25212 | Lair:6   | Noticed a death yak
 25219 | Lair:6   | Killed a death yak
 25707 | Lair:6   | Killed Snorg
 25867 | Lair:6   | Noticed a dire elephant
 25867 | Lair:6   | Noticed a dire elephant
 26009 | Lair:6   | Noticed a dire elephant
 26009 | Lair:6   | Noticed a dire elephant
 26186 | Lair:6   | Killed a death yak
 26232 | Lair:6   | Noticed a dire elephant
 26254 | Lair:6   | Killed a dire elephant
 26376 | Lair:6   | Noticed a dire elephant
 26399 | Lair:6   | Killed a dire elephant
 26583 | Lair:6   | Reached XP level 13. HP: 57/57 MP: 10/18
 26883 | Lair:6   | Killed a dire elephant
 27078 | Lair:6   | Killed a dire elephant
 27433 | Lair:6   | Reached skill level 18 in Summonings
 27670 | Lair:6   | Killed a dire elephant
 27671 | Lair:6   | Reached skill level 10 in Dodging
 27728 | Lair:6   | Killed a dire elephant
 28412 | D:10     | Entered Level 10 of the Dungeon
 29295 | D:10     | Noticed Gastronok
 29317 | D:10     | Killed Gastronok
 29697 | D:10     | Noticed Josephine
 29732 | D:10     | Killed Josephine
 29822 | D:10     | Noticed Sonja
 29835 | D:10     | Killed Sonja
 31174 | D:10     | Bought a book of the Dragon for 644 gold pieces
 31260 | D:11     | Reached XP level 14. HP: 63/63 MP: 4/20
 31478 | D:11     | Noticed Harold
 31491 | D:11     | Killed Harold
 31604 | D:10     | Upgraded the game from 0.28-b1-25-g9875b3fc8c to
                  | 0.28-b1-70-g80dc712255
 32804 | D:12     | Found a transporter.
 32806 | D:12     | Noticed Duder's ghost (journeyman MiBe)
 32806 | D:12     | Found the amulet of the Four Winds {rN+ Will+++ Clar}
 32821 | D:12     | Found a transporter.
 33611 | D:12     | Reached skill level 5 in Necromancy
 33988 | D:12     | Found a staircase to the Orcish Mines.
 34350 | Orc:1    | Entered Level 1 of the Orcish Mines
 34370 | D:12     | Reached skill level 19 in Summonings
 34875 | Orc:1    | Found a shimmering blue altar of Sif Muna.
 34984 | Orc:1    | Reached skill level 5 in Spellcasting
 35246 | Lair:5   | Bought Lyrikhlu's Disquisition on Companions and Clay for
                  | 624 gold pieces
 35638 | Orc:2    | Entered Level 2 of the Orcish Mines
 36788 | Orc:2    | Noticed an orc warlord
 36856 | Orc:2    | Killed an orc warlord
 37435 | Orc:2    | Learned a level 7 spell: Monstrous Menagerie
 37778 | Orc:2    | Found Ecrouff's Assorted Antiques.
 37949 | Orc:2    | Found Baoth's Antique Weapon Emporium.
 38532 | Orc:2    | Found a staircase to the Elven Halls.
 39299 | Orc:2    | Found Omioh's Weapon Boutique.
 39431 | Orc:2    | Found Atao's Armour Shop.
 42379 | D:13     | Reached XP level 15. HP: 68/68 MP: 11/26
 43332 | D:13     | Bought a book of Maledictions for 510 gold pieces
 43336 | D:13     | Learned a level 3 spell: Tukima's Dance
 43511 | D:14     | Found a runed translucent gate.
 43511 | D:14     | Found a runed translucent gate.
 43511 | D:14     | Found a runed translucent gate.
 43513 | D:14     | Noticed Hubris850's ghost (journeyman MfTm)
 44257 | D:14     | Found a sparkling altar of Nemelex Xobeh.
 44491 | D:14     | Found a gate to the Vaults.
 45000 | D:15     | Entered Level 15 of the Dungeon
 45057 | D:15     | Reached skill level 10 in Fighting
 45142 | D:15     | Reached skill level 20 in Summonings
 45381 | D:15     | Found a staircase to the Depths.
 46684 | Elf:1    | Entered Level 1 of the Elven Halls
 48549 | Elf:1    | Reached skill level 21 in Summonings
 49351 | Elf:1    | Bought the Volume of Evil Orientation for 336 gold pieces
 49357 | Elf:1    | Learned a level 5 spell: Manifold Assault
 49599 | Elf:1    | Reached skill level 1 in Translocations
 49599 | Elf:1    | Reached skill level 1 in Transmutations
 49630 | Elf:1    | Noticed a Brimstone Fiend
 49728 | Elf:1    | Found a runed translucent gate.
 49728 | Elf:1    | Found a runed translucent gate.
 49728 | Elf:1    | Found a runed translucent gate.
 49728 | Elf:1    | Found a runed translucent gate.
 49728 | Elf:1    | Found a runed translucent gate.
 49730 | Elf:1    | Found a runed translucent gate.
 49730 | Elf:1    | Noticed a storm dragon
 49730 | Elf:1    | Noticed an iron dragon
 50038 | Swamp:1  | Entered Level 1 of the Swamp
 50045 | Swamp:1  | Found Egriw's Island Escapes.
 50052 | Swamp:1  | Noticed Donald
 50068 | Swamp:1  | Killed Donald
 50069 | Swamp:1  | Reached skill level 1 in Unarmed Combat
 50069 | Swamp:1  | Reached XP level 16. HP: 74/74 MP: 14/29
 51841 | Swamp:1  | Identified 2 scrolls of acquirement
 51842 | Swamp:1  | Acquired a ring of positive energy
 51844 | Swamp:1  | Acquired 456 gold pieces
 52277 | Elf:1    | Bought a book of the Sky for 616 gold pieces
 53537 | Swamp:2  | Found a bloodstained altar of Trog.
 53537 | Swamp:2  | Noticed Keoguots's ghost (adept GnSk)
 53546 | Swamp:2  | Found a transporter.
 53552 | Swamp:2  | Found a transporter.
 54212 | Swamp:3  | Noticed a thorn hunter
 54802 | Swamp:3  | Reached skill level 5 in Transmutations
 55217 | Swamp:3  | Noticed a thorn hunter
 55234 | Swamp:3  | Killed a thorn hunter
 55351 | Swamp:3  | Reached skill level 5 in Translocations
 55919 | Swamp:3  | Killed a thorn hunter
 56163 | D:10     | Bought a manual of Air Magic for 1120 gold pieces
 56845 | Snake:1  | Entered Level 1 of the Snake Pit
 57156 | Snake:1  | Found Urytofra's Assorted Antiques.
 57161 | Snake:1  | Found Wanuucei's Antique Armour Boutique.
 57399 | Snake:1  | Noticed Mlioglotl
 57412 | Snake:1  | Noticed an Executioner
 57442 | Snake:2  | Noticed Vashnia
 57602 | Snake:1  | Killed from afar by a shock serpent
 57603 | Snake:1  | Reached XP level 15. HP: -4/86 MP: 25/37
 58512 | Elf:2    | Paralysed by an air elemental for 1 turns
 58669 | Elf:2    | Paralysed by an air elemental for 1 turns
 58672 | Elf:1    | Paralysed by an air elemental for 1 turns
 58683 | Elf:1    | Paralysed by an air elemental for 1 turns
 59129 | Elf:2    | Reached XP level 16. HP: 76/76 MP: 19/29
 60290 | Elf:2    | Found Naqod's General Store.
 60446 | Elf:2    | Found a runed translucent gate.
 60447 | Elf:2    | Found a runed translucent gate.
 60447 | Elf:2    | Found a runed translucent gate.
 61765 | Elf:2    | Reached skill level 15 in Air Magic
 62652 | Swamp:4  | Entered Level 4 of the Swamp
 62652 | Swamp:4  | Noticed Bai Suzhen
 62652 | Swamp:4  | Noticed a thorn hunter
 63739 | Depths:1 | Entered Level 1 of the Depths
 63739 | Depths:1 | Noticed a lich
 63749 | Depths:1 | Killed a lich
 63822 | Depths:1 | HP: 4/91 [hell knight/bolt of fire (16)]
 63823 | Depths:1 | Killed from afar by a hell knight
 63824 | Depths:1 | Reached XP level 15. HP: -26/87 MP: 21/37
 63842 | Depths:1 | Found Xioblate's Magic Scroll Emporium.
 63845 | Depths:1 | Found Uvimn's Jewellery Shoppe.
 63851 | Depths:1 | Noticed a fire giant
 63862 | Depths:1 | Killed from afar by a hell knight

Illustrated notes

Levels and vault maps discovered:
D:1:      matt_arrival_los_fun, layout_basic, dreamdust_ecumenical_altar_statues
D:2:      layout_loops_ring, serial_shops, shop, nicolae_shop_trees,
          nicolae_shop_waterfront, nicolae_shop_stone,
          nicolae_shop_hallway_plus, minmay_fractal_squares_5, uniq_robin
D:3:      layout_basic, lemuel_zombie_altar_yredelemnul,
          ebering_dispersal_statue_hall
D:4:      layout_layer_cave, lemuel_round_altar
D:5:      layout_loops_corners, gup_sewer_entry_pipe, skrybe_limestone_x
D:6:      layout_basic, lemuel_doored_altar, serial_shops,
          nicolae_inconvenience_store, minmay_liquid_box
D:7:      layout_loops_ring, lemuel_crystal_altar,
          mainiacjoe_overflow_surrounded_room, minmay_temple_entry_from_below_b,
          nzn_ghost_randoct
D:8:      layout_loops_ring, enter_bailey_3, special_room [special_room_orc],
          hellmonk_guarded_unrand_vitality_bloodlust, uniq_grum, uniq_maggie
D:9:      minmay_s_stair_smasher, layout_basic,
          mainiacjoe_overflow_cross_hatched, lair_entry_dummy,
          kennysheep_another_room, uniq_joseph
D:10:     layout_loops_ring, minivault_20, kb_rosetta, uniq_sonja,
          uniq_josephine, uniq_gastronok
D:11:     layout_irregular_city, uniq_harold
D:12:     layout_loops_corners, orc_0_dummy, gammafunk_ghost_berserking_beasts
D:13:     four-leaf_vault, layout_basic
D:14:     layout_stronghold, david_vaults_2, gammafunk_ghost_hydra_chop,
          nemelex_spade_bored_becter, minmay_misc_feat_columns,
          hangedman_tell_no_tales
D:15:     gammafunk_enter_depths_forms, layout_loops_ring, kennysheep_crisscross
Temple:   regret_index_temple_sphere_string
Lair:1:   wander_river, layout_concentric_octagons,
          portal_ice_cave_demonic_guard, chequers_serial_rivers_large_a,
          minivault_24, kennysheep_abandoned_house, lemuel_fruit_tree
Lair:2:   layout_loops_ring, minmay_snake_entry_guardpost_small, uniq_fannar
Lair:3:   layout_hall_layers, wad_woods_road_03, infiniplex_staircase_pool_2,
          grunt_megastairs_4
Lair:4:   layout_cave_pods, swamp_mist_pool, grunt_forest_large_clearing_hut,
          uniq_nergalle
Lair:5:   gammafunk_boulding_lane, layout_regular_city, slime_altar_1,
          gammafunk_ghost_ooze
Lair:6:   due_jungle_book, layout_loops_ring, uniq_snorg
Swamp:1:  layout_basic_swamp, evilmike_swamp_ruin_house_4, swamp_pool1,
          nicolae_island_escapes, uniq_donald
Swamp:2:  layout_basic_swamp, gammafunk_ghost_wrathful_warriors,
          evilmike_swamp_ruin_house_6
Swamp:3:  nicolae_swamp_tree_isthmus, layout_basic_swamp,
          evilmike_swamp_ruin_rubble_2
Swamp:4:  swamp_alternative, layout_basic_swamp, uniq_bai_suzhen, uniq_roxanne
Snake:1:  layout_misc_corridors, st_stairs_14, serial_bayou_crossing,
          grunt_megastairs_3, minmay_shop_star, uniq_aizul, uniq_mlioglotl
Snake:2:  layout_honeycomb, uniq_vashnia
Orc:1:    layout_caves, basic_altar, led_sif_book
Orc:2:    pubby_orc_utopia
Elf:1:    eino_elf_arrival_shootout, layout_gridlike, orc_legates
Elf:2:    nicolae_elf_blades_crystal_corner, layout_geoelf_octagon,
          serial_shops, shop, minivault_5
Depths:1: layout_gridlike, enter_ziggurat_e, rand_demon_pan_entry_3,
          abyss_entry_flame_altar, hangedman_geh_valley, dk_noncrumbling_3,
          serial_shops, nicolae_shop_window_shopping, nicolae_uskayaw_suspiria,
          minmay_shoptagon

Skill      XL: |  1  2  3  4  5  6  7  8  9 10 11 12 13 14 15 16 |
---------------+-------------------------------------------------+-----
Spellcasting   | 3 7 8 |  8.0
Summonings     | 5 6 7 9 11 14 16 17 18 19 21 | 21.2
Hexes          | 1 3 4 5 7 8 |  8.0
Air Magic      | 2 5 9 10 13 15 | 15.4
Dodging        | 3 7 8 9 10 12 | 12.0
Fighting       | 1 5 6 7 8 9 10 12 | 12.0
Necromancy     | 2 4 5 |  5.0
Translocations | 6 8 |  8.2
Transmutations | 7 9 |  9.0
Unarmed Combat | 1 3 |  3.0
Stealth        | |  2.6

Action                   |  1- 3 |  4- 6 |  7- 9 | 10-12 | 13-15 | 16-18 || total
-------------------------+-------+-------+-------+-------+-------+-------++-------
Melee: Unarmed           |     5 |    11 |    37 |    13 |   158 |     6 ||   230
       Bite              |     2 |     1 |     3 |     1 |    22 |     2 ||    31
       Punch             |       |       |     1 |       |     3 |       ||     4
 Cast: Summon Small Mamm |    22 |       |     4 |     1 |       |       ||    27
       Call Imp          |    16 |     2 |     5 |       |       |       ||    23
       Call Canine Famil |     6 |    29 |    49 |    43 |    41 |       ||   168
       Summon Guardian G |       |     8 |    50 |    59 |    41 |       ||   158
       Summon Lightning  |       |       |     8 |   138 |   151 |   104 ||   401
       Anguish           |       |       |       |       |    58 |    18 ||    76
       Monstrous Menager |       |       |       |       |   231 |   169 ||   400
       Tukima's Dance    |       |       |       |       |     1 |       ||     1
       Manifold Assault  |       |       |       |       |       |     1 ||     1
Invok: Call Merchant     |       |       |       |     2 |     4 |       ||     6
       Potion Petition   |       |       |       |       |       |     1 ||     1
Evoke: Wand              |       |       |       |       |     2 |       ||     2
  Use: Scroll            |       |     9 |    14 |     6 |     4 |    13 ||    46
       Potion            |       |       |       |     2 |       |     1 ||     3
 Stab: Sleeping          |       |       |     1 |       |     1 |       ||     2
       Distracted        |       |       |       |       |     1 |       ||     1
Armor: Skin              |       |       |    10 |     4 |    31 |     9 ||    54
Dodge: Dodged            |    15 |    29 |   155 |    99 |   490 |   161 ||   949
